 Dungeon Sprint DCSS version 0.20.1-1-g8b1a95d (webtiles) character file.

16 potatolord6000 the Skirmisher (level 2, -5/42 HPs)
             Began as a Hill Orc Monk on Sept 7, 2017.
             Was a Priest of Beogh.
             Slain by an orc warrior
             ... wielding a +0 dire flail
              (13 damage)
             ... in the Dungeon (Sprint VII: "The Pits").
             The game lasted 00:00:50 (271 turns).

potatolord6000 the Skirmisher (Hill Orc Monk)        Turns: 271, Time: 00:00:51

Health: -5/42      AC:  2    Str: 18    XL:     2   Next: 54%
Magic:  2/2        EV: 13    Int: 10    God:    Beogh [***...]
Gold:   0          SH:  0    Dex: 13    Spells: 1/1 levels left

rFire    . . .     SeeInvis .   j - +2 falchion
rCold    . . .     Gourm    .   (no shield)
rNeg     . . .     Faith    .   b - +0 robe
rPois    .         Spirit   .   (no helmet)
rElec    .         Reflect  .   (no cloak)
rCorr    .         Harm     .   (no gloves)
MR       .....     NoTele   +   (no boots)
Stlth    ..........             (no amulet)
Regen    0.2/turn               (no ring)
MPRegen  0.1/turn               (no ring)

@: berserking, hasted, very quick
A: no striking features
a: Smiting, Renounce Religion


You were in the Dungeon.
You worshipped Beogh.
Beogh was most pleased with you.
You were not hungry.

You visited 1 branch

Inventory:

Hand Weapons
 j - a +2 falchion (weapon)
Armour
 b - a +0 robe (worn)
Scrolls
 i - a scroll of blinking
 k - 3 scrolls of remove curse
 l - 5 scrolls of amnesia
 m - a scroll of summoning
Potions
 a - 2 potions of invisibility
 d - a potion of curing
 e - a potion of heal wounds
 g - 4 potions of magic
 h - 2 potions of berserk rage
Comestibles
 c - 8 bread rations
 n - 40 fruits
 o - 7 meat rations


   Skills:
 + Level 4.8 Fighting
 + Level 4.4 Long Blades
 + Level 2.7 Armour
 - Level 2.4 Dodging
 - Level 1.5 Stealth
 + Level 1.1 Invocations


You had one spell level left.
You didn't know any spells.

Dungeon Overview and Level Annotations

Branches:
Dungeon (1/1)

Altars:
Ashenzari
Cheibriados
Dithmenos
Elyvilon
Fedhas
Gozag
Hepliaklqana
Kikubaaqudgha
Makhleb
Nemelex Xobeh
Okawaru
Qazlal
Ru
Sif Muna
Trog
Uskayaw
Vehumet
Xom
Yredelemnul
Zin
The Shining One
Beogh
Jiyva
Lugonu


Message History

The orc warrior is lightly wounded.
Your orc hits the orc. The orc hits your orc with a club.
The orc warrior hits you with a dire flail!
* * * LOW HITPOINT WARNING * * *
The adder zombie barely misses you.
You riposte.
You barely miss the adder zombie.
The adder zombie is heavily damaged.
The quokka barely misses you.
You closely miss the orc warrior.
The orc warrior is lightly wounded.
Your orc hits the orc with a flail.
The orc dies!
Beogh accepts your kill.
Unknown command.
You closely miss the orc warrior.
The orc warrior is lightly wounded.
The quokka closely misses you. The adder zombie closely misses you.
The orc warrior hits you with a dire flail!
You die...
Beogh appreciates the orc warrior's killing of a heretic priest.

##########'##........
#.?(.')))'.##......#.
##########.##........
#...........†........
#+#####'#####......#.
#...#.# #........
#..)#.# ####'####
#...'.# #.......#
##@#### #.......#
#Zro..# #.......#
#..oo.# #...<...#
#....).. #.......#
#........##.......#
###########.......#
#########


You could see an orc warrior, an adder zombie, a quokka and 2 friendly orcs.

Vanquished Creatures
  2 oozes (D)
  2 hobgoblins (D)
  A kobold (D)
  A quokka (D)
6 creatures vanquished.

Vanquished Creatures (collateral kills)
  An orc (D)
1 creature vanquished.

Grand Total: 7 creatures vanquished

Notes
Turn   | Place    | Note
-------+----------+-------------------------------------------
     0 | D        | potatolord6000 the Hill Orc Monk began the quest for the Orb.
     0 | D        | Reached XP level 1. HP: 19/19 MP: 1/1
    15 | D        | Reached skill level 1 in Armour
    23 | D        | Found a bloodstained altar of Trog.
    23 | D        | Found a deep blue altar of Sif Muna.
    23 | D        | Found a viscous altar of Jiyva.
    23 | D        | Found a hazy altar of Hepliaklqana.
    23 | D        | Found an opulent altar of Gozag.
    50 | D        | Found a glowing golden altar of the Shining One.
    50 | D        | Found a glowing silver altar of Zin.
    50 | D        | Found a basalt altar of Yredelemnul.
    50 | D        | Found a shimmering altar of Xom.
    50 | D        | Found a sacrificial altar of Ru.
    50 | D        | Found a stormy altar of Qazlal.
    50 | D        | Found an iron altar of Okawaru.
    50 | D        | Found a sparkling altar of Nemelex Xobeh.
    50 | D        | Found a burning altar of Makhleb.
    50 | D        | Found a blossoming altar of Fedhas.
    50 | D        | Found a white marble altar of Elyvilon.
    50 | D        | Found a shadowy altar of Dithmenos.
    50 | D        | Found a snail-covered altar of Cheibriados.
    54 | D        | Found a roughly hewn altar of Beogh.
    54 | D        | Found a corrupted altar of Lugonu.
    54 | D        | Found a radiant altar of Vehumet.
    55 | D        | Found a shattered altar of Ashenzari.
    55 | D        | Found an ancient bone altar of Kikubaaqudgha.
    55 | D        | Found a hide-covered altar of Uskayaw.
    62 | D        | Became a worshipper of Beogh the Brigand
    62 | D        | Reached * piety under Beogh
    62 | D        | Reached ** piety under Beogh
    92 | D        | Reached XP level 2. HP: 14/28 MP: 2/2
    93 | D        | Reached *** piety under Beogh
   264 | D        | Noticed an orc warrior
   266 | D        | Reached skill level 1 in Invocations
   271 | D        | Slain by an orc warrior

Skill      XL: |  1  2 |
---------------+-------+-----
Armour         | 2 |  2.7
Fighting       | 4 |  4.8
Long Blades    | 4 |  4.4
Invocations    | 1 |  1.1
Dodging        | |  2.4
Stealth        | |  1.5

Action                   || total
-------------------------++-------
Melee: Falchion          ||    14
  Use: Potion            ||     2
 Stab: Sleeping          ||     1
Armor: Robe              ||     3
Dodge: Dodged            ||    11
       Rpst.: Falchion   ||     4
